 Dungeon Crawl Stone Soup version 0.30.1-9-gdf580d7c3d (webtiles) character file.

Game seed: 14191968162288983820

3602 MysteronAgent1988 the Sneak (level 9, -4/94 HPs)
             Began as a Red Draconian Enchanter on Oct 16, 2023.
             Was a High Priest of Okawaru.
             Slain by an orc warrior
             ... wielding a +0 broad axe
              (7 damage)
             ... in a bailey.
             The game lasted 00:41:44 (8277 turns).

MysteronAgent1988 the Sneak (DrEn)                  Turns: 8277, Time: 00:41:44

Health: -4/94      AC: 20    Str: 10    XL:     9   Next: 86%
Magic:  14/14      EV:  2    Int: 18    God:    Okawaru [*****.]
Gold:   694        SH:  0    Dex: 18    Spells: 3/15 levels left

rFire   . . .        m - +3 club (spect)
rCold   . . .        (no shield)
rNeg    . . .        (body armour unavailable)
rPois   +            l - melded +0 hat "Seine" {rElec Str+3 Dex+2}
rElec   .            (cloak currently unavailable)
rCorr   .            e - melded +0 pair of gloves of the Many Allies {*Corrode rElec rF+ rN+++}
SInv    .            (boots currently unavailable)
Will    .....        (no amulet)
Stlth   +++          h - +6 ring of dexterity
HPRegen 0.35/turn    (no ring)
MPRegen 0.14/turn

%: no passive effects
@: short of breath, tree-form, corroded
A: stationary, stasis, torment immunity, boosted hp, (breathe fire), AC +7,
unfitting armour, (fire resistance 1), (cold-blooded), (horns 1), (stinger 1),
frail 1, weak 1, inability to drink after injury 1
a: Renounce Religion, Heroism, Finesse, Duel


You were in a bailey.
You worshipped Okawaru.
Okawaru was extremely pleased with you.
You were a tree.
You visited 1 branch of the dungeon, and saw 7 of its levels.
You also visited: Sewer and Bailey.

You collected 694 gold pieces.

Inventory:

Hand Weapons
 a - a +1 dagger
 m - a +3 spectral club (weapon)
Missiles
 b - 2 curare-tipped darts
 c - 11 atropa-tipped darts (quivered)
 r - 7 boomerangs
Armour
 e - the +0 pair of gloves of the Many Allies (melded) {*Corrode rElec rF+ rN+++}
   (You acquired it on level 7 of the Dungeon)

   rF:        It protects you from fire.
   rElec:     It insulates you from electricity.
   rN:        It renders you almost immune to negative energy.
   *Corrode:  It may corrode you when you take damage.
 l - the +0 hat "Seine" (melded) {rElec Str+3 Dex+2}
   (You acquired it on level 3 of the Dungeon)

   Str:       It affects your strength (+3).
   Dex:       It affects your dexterity (+2).
   rElec:     It insulates you from electricity.
Jewellery
 h - a +6 ring of dexterity (left branch)
 i - a +5 ring of evasion
Wands
 k - a wand of digging (1)
 t - a wand of polymorph (8)
Scrolls
 d - 2 scrolls of enchant armour
 f - 8 scrolls of teleportation
 j - 3 scrolls of torment
 q - a scroll of butterflies {unknown}
 s - a scroll of vulnerability
 v - a scroll of magic mapping {unknown}
Potions
 g - a potion of invisibility
 n - 2 potions of cancellation
 o - a potion of lignification
 p - a potion of brilliance {unknown}
 u - 2 potions of resistance
 x - a potion of ambrosia {unknown}


   Skills:
 * Level 3.7 Fighting
 * Level 3.5 Short Blades
 * Level 4.8 Maces & Flails
 * Level 2.8 Throwing
 * Level 4.7 Dodging
 * Level 4.8 Stealth
 * Level 3.8 Spellcasting
 * Level 2.6 Conjurations
 * Level 4.3 Hexes
 * Level 2.7 Fire Magic
 * Level 2.7 Ice Magic
 * Level 2.6 Air Magic
 * Level 3.0 Poison Magic
 * Level 2.8 Invocations
 * Level 3.1 Evocations


You had 3 spell levels left.
You knew the following spells:

 Your Spells              Type           Power      Damage    Failure   Level
a - Frozen Ramparts       Ice            26%        1d4       14%         3
b - Tukima's Dance        Hex            19%        N/A       8%          3
c - Mephitic Cloud        Conj/Pois/Air  13%        N/A       14%         3
d - Inner Flame           Hex/Fire       16%        N/A       11%         3

Your spell library contained the following spells:

 Spells                   Type           Power      Damage    Failure   Level
 Freeze                   Ice            52%        1d6       4%          1
 Ensorcelled Hibernation  Hex/Ice        32%        N/A       5%          2
 Poisonous Vapours        Pois/Air       26%        N/A       7%          2
 Confusing Touch          Hex            19%        N/A       8%          3
 Dazzling Flash           Conj/Hex       32%        N/A       11%         3
 Momentum Strike          Conj/Tloc      16%        3d8       13%         2
 Hailstorm                Conj/Ice       13%        3d5       14%         3
 Blink                    Tloc           6%         N/A       22%         2
 Lesser Beckoning         Tloc           6%         N/A       22%         2
 Freezing Cloud           Conj/Ice/Air   6%         6-21      80%         5
 Yara's Violent Unravell  Hex/Tmut       5%         3d4       86%         5
 Enfeeble                 Hex            9%         N/A       100%        7


Dungeon Overview and Level Annotations

Branches:
Dungeon (7/15)             Temple (0/1) D:6           Sewer (visited)
 Bailey (1/1)

Altars:
Fedhas
Nemelex Xobeh
Okawaru
Ru
Trog
Wu Jian
Zin

Shops:
D:7 (

Annotations:
D:7 2 transporters


Innate Abilities, Weirdness & Mutations

You are a tree.
Your roots penetrate the ground, keeping you stationary.
You cannot be teleported.
You are immune to unholy pain and torment.
Your maximum health is greatly increased.
Your equipment is partially melded.
((You can breathe blasts of fire.))
((Your fiery red scales are hard. (AC +7)))
You cannot fit into any form of body armour.
((Your flesh is heat resistant. (rF+)))
((You are cold-blooded and may be slowed by cold attacks.))
((You have a pair of small horns on your head.))
((Your tail ends in a venomous barb.))
You are frail. (-10% HP)
You are weak. (Str -2)
You occasionally lose the ability to drink potions when taking damage.


Message History

Really quaff the potion of lignification?
You turn into a tree.
The +0 hat "Seine" {rElec Str+3 Dex+2} melds into your body.
The +0 pair of gloves of the Many Allies {*Corrode rElec rF+ rN+++} melds into your body.
Your roots penetrate the ground.
Your +3 spectral club disappears.
The orc warrior hits you with a +0 broad axe.
* * * LOW HITPOINT WARNING * * *
You closely miss the orc warrior.
The orc warrior is severely wounded.
Your +3 spectral club hits the orc warrior but does no damage.
The orc warrior hits your +3 spectral club with a +0 broad axe.
Your spectral weapon shares its damage with you!
The orc warrior hits you but does no damage.
* * * LOW HITPOINT WARNING * * *
You closely miss the orc warrior.
The orc warrior is severely wounded.
Your +3 spectral club closely misses the orc warrior.
The orc warrior hits you but does no damage.
Unknown command.
You hit the orc warrior but do no damage.
Your punch misses the orc warrior.
The orc warrior is severely wounded.
Your +3 spectral club misses the orc warrior.
The orc warrior hits you but does no damage.
The orc warrior barely misses your +3 spectral club.
The orc warrior hits you with a +0 broad axe.
* * * LOW HITPOINT WARNING * * *
The orc warrior barely misses your +3 spectral club.
You hit the orc warrior but do no damage.
The orc warrior is severely wounded.
Your +3 spectral club hits the orc warrior but does no damage.
The orc warrior hits you but does no damage.
The orc warrior misses your +3 spectral club.
Unknown command.
You closely miss the orc warrior.
The orc warrior is severely wounded.
Your +3 spectral club barely misses the orc warrior.
The orc warrior hits you with a +0 broad axe!
You die...

..8..8.............8.
...............).....
#....................
##...8...##)''##...8.
##.....##)÷...##....
##...##....)..##...
≈≈#####....)..(.#####≈≈
≈≈≈≈≈≈≈....∩..o.≈≈≈≈≈≈≈
♣≈≈≈≈≈≈.......(♣≈≈≈≈≈≈♣
♣♣♣♣♣♣♣♣♣♣.∩.♣♣♣♣♣♣♣♣♣♣
♣♣♣♣♣


You could see an orc warrior and a friendly +3 spectral club.

Vanquished Creatures
  The ghost of laqueoix the Chopper, an amateur FoFi of Uskayaw (D:4)
  Prince Ribbit (D:7)
  A shadow (D:6)
  A wyvern (D:7)
  Duvessa (D:6)
  A water moccasin (D:7)
  A black bear (D:4)
  2 sky beasts (D:6)
  An ice beast (D:3)
  A tengu (D:6)
  5 ogres (D:4)
  A centaur (D:5)
  2 phantoms
  3 kobold brigands (Sewer)
  Blork the orc (D:6)
  3 bullfrogs
  2 scorpions (D:4)
  Dowan (D:6)
  3 wights (D:7)
  A howler monkey (D:6)
  2 jellies
  Crazy Yiuf (D:3)
  4 hounds
  2 sleepcaps
  Jessica (D:2)
  2 gnoll boudas
  An orc wizard (D:5)
  An iguana (D:6)
  11 gnolls
  16 adders
  2 river rats (Sewer)
  A worm (D:3)
  2 dart slugs (D:4)
  9 orcs
  3 bats
  10 endoplasms
  4 giant cockroaches
  11 hobgoblins
  4 jackals (D:1)
  3 quokkas
  6 ball pythons
  2 frilled lizards (D:2)
  7 goblins
  19 kobolds
  6 rats
163 creatures vanquished.

Vanquished Creatures (others)
  A spectral weapon (D:7)
1 creature vanquished.

Grand Total: 164 creatures vanquished

Notes
Turn   | Place    | Note
-------+----------+-------------------------------------------
     0 | D:1      | MysteronAgent1988 the Draconian Enchanter began the quest
                  | for the Orb.
     0 | D:1      | Reached XP level 1. HP: 14/14 MP: 3/3
   382 | D:1      | Reached XP level 2. HP: 15/20 MP: 5/5
   394 | D:1      | Learned a level 2 spell: Ensorcelled Hibernation
   530 | D:2      | Noticed Jessica
   541 | D:2      | Killed Jessica
   542 | D:2      | Reached XP level 3. HP: 18/27 MP: 1/6
   583 | D:2      | Learned a level 3 spell: Tukima's Dance
   642 | D:3      | Found a faded altar of an unknown god.
   727 | D:3      | Found a glowing drain.
   732 | Sewer    | Entered a sewer
   917 | Sewer    | Reached XP level 4. HP: 34/34 MP: 7/7
   946 | Sewer    | Noticed a kobold brigand
   970 | Sewer    | Killed a kobold brigand
   971 | Sewer    | Reached skill level 1 in Fighting
   971 | Sewer    | Reached skill level 1 in Ice Magic
   971 | Sewer    | Reached XP level 5. HP: 15/40 MP: 2/8
   984 | Sewer    | Reached skill level 1 in Maces & Flails
   984 | Sewer    | Reached skill level 1 in Throwing
   984 | Sewer    | Reached skill level 1 in Evocations
  1000 | Sewer    | Reached XP level 6. HP: 8/47 MP: 4/10
  1684 | D:2      | Learned a level 3 spell: Mephitic Cloud
  1940 | D:2      | Found a blossoming altar of Fedhas.
  1960 | D:3      | Prayed at the altar of an unknown god.
  1960 | D:3      | Became a worshipper of Warmaster Okawaru
  1960 | D:3      | Reached * piety under Okawaru
  2573 | D:3      | Identified a scroll of acquirement
  2574 | D:3      | Acquired the +0 hat "Seine" {rElec Str+3 Dex+2}
  2844 | D:3      | Found a runed translucent door.
  2845 | D:3      | Noticed Crazy Yiuf
  2853 | D:3      | Killed Crazy Yiuf
  3019 | D:3      | Noticed an ice beast
  3058 | D:3      | Killed an ice beast
  3058 | D:3      | Reached ** piety under Okawaru
  3059 | D:3      | Your scales start taking on a fiery red colour.
  3059 | D:3      | Reached XP level 7. HP: 19/53 MP: 11/11
  3059 | D:3      | Gained mutation: Your flesh is heat resistant. (rF+) [Red
                  | Draconian growth]
  3439 | D:1      | Learned a level 3 spell: Inner Flame
  4122 | D:4      | Reached skill level 1 in Air Magic
  4220 | D:4      | Reached skill level 1 in Conjurations
  4220 | D:4      | Reached skill level 1 in Poison Magic
  4298 | D:4      | Found a transporter.
  4301 | D:4      | Noticed laqueoix's ghost (amateur FoFi)
  4302 | D:4      | Identified the +0 great mace of Gallantry {drain, Str+5
                  | Int+2 SInv}
  4348 | D:4      | Found a transporter.
  4593 | D:4      | Reached XP level 8. HP: 53/62 MP: 7/12
  4732 | D:4      | Reached skill level 1 in Fire Magic
  5003 | D:4      | Reached *** piety under Okawaru
  5004 | D:4      | Reached skill level 1 in Invocations
  5005 | D:4      | Killed laqueoix's ghost
  5181 | D:5      | Entered Level 5 of the Dungeon
  5436 | D:5      | Gained mutation: You have a pair of small horns on your
                  | head. [potion of mutation]
  5436 | D:5      | Gained mutation: Your flesh is very heat resistant. (rF++)
                  | [potion of mutation]
  5436 | D:5      | Gained mutation: You are weak. (Str -2) [potion of
                  | mutation]
  5437 | D:5      | Lost mutation: Your flesh is very heat resistant. (rF++)
                  | [potion of mutation]
  5437 | D:5      | Lost mutation: You are weak. (Str -2) [potion of mutation]
  5437 | D:5      | Gained mutation: You are weak. (Str -2) [potion of
                  | mutation]
  5437 | D:5      | Gained mutation: You have hidden genetic defects. [potion
                  | of mutation]
  5437 | D:5      | Gained mutation: Your large and strong wings let you fly.
                  | [potion of mutation]
  5992 | D:5      | Found a sparkling altar of Nemelex Xobeh.
  5994 | D:5      | Found a sacrificial altar of Ru.
  6003 | D:5      | Found a glowing silver altar of Zin.
  6006 | D:5      | Found a bloodstained altar of Trog.
  6010 | D:5      | Found an ornate altar of the Wu Jian Council.
  6017 | D:5      | Found a blossoming altar of Fedhas.
  6019 | D:5      | Found an iron altar of Okawaru.
  6320 | D:6      | Found a staircase to the Ecumenical Temple.
  6500 | D:6      | Learned a level 3 spell: Frozen Ramparts
  6549 | D:6      | Noticed Blork the orc
  6569 | D:6      | Killed Blork the orc
  6570 | D:6      | Reached XP level 9. HP: 69/69 MP: 12/14
  6570 | D:6      | Gained mutation: You occasionally lose the ability to drink
                  | potions when taking damage. [hidden defects]
  6868 | D:6      | Noticed Duvessa
  6961 | D:6      | Noticed Dowan
  6971 | D:6      | Killed Dowan
  7000 | D:6      | Killed Duvessa
  7000 | D:6      | Reached **** piety under Okawaru
  7155 | D:6      | Gained mutation: You are very weak. (Str -4) [hidden
                  | defects]
  7155 | D:6      | Lost mutation: You have hidden genetic defects. [hidden
                  | defects expressed]
  7441 | D:7      | Found a transporter.
  7535 | D:7      | Found Suorhic's Weapon Shop.
  7824 | D:7      | Acquired the +0 pair of gloves of the Many Allies {*Corrode
                  | rElec rF+ rN+++}
  7835 | D:7      | Noticed Prince Ribbit
  7846 | D:7      | Found a flagged portal.
  7848 | D:7      | Found a transporter.
  7854 | D:7      | HP: 3/70 [Prince Ribbit (12)]
  7854 | D:7      | Killed Prince Ribbit
  7854 | D:7      | Reached ***** piety under Okawaru
  7856 | Bailey   | Entered a bailey
  7924 | Bailey   | Noticed an orc warlord
  8189 | Bailey   | Lost mutation: Your large and strong wings let you fly.
                  | [potion of mutation]
  8189 | Bailey   | Lost mutation: You are very weak. (Str -4) [potion of
                  | mutation]
  8189 | Bailey   | Gained mutation: You are frail. (-10% HP) [potion of
                  | mutation]
  8189 | Bailey   | Gained mutation: Your tail ends in a venomous barb. [potion
                  | of mutation]
  8273 | Bailey   | HP: 3/94 [orc warrior/+0 broad axe (3)]
  8277 | Bailey   | Slain by an orc warrior

Illustrated notes

Levels and vault maps discovered:
D:1:      giann_forest_graveyard, layout_loops_corners
D:2:      layout_basic, basic_altar, uniq_jessica
D:3:      layout_loops_cross, gup_sewer_entry_bowl,
          nicolae_ecumenical_oubliette, nicolae_hexahallways,
          minmay_box_of_dots, uniq_crazy_yiuf_cottage
D:4:      minmay_polygon_palace, layout_rooms, gammafunk_ghost_smash,
          minmay_misc_feat_nine_boxes
D:5:      layout_gridville, nicolae_overflow_hallway_of_the_gods
D:6:      minmay_skewed_foursquare, layout_basic,
          minmay_temple_entry_statues_pillars, serial_co_window_serial,
          co_window_of_opportunity_a, co_window_paths_a, co_window_paths_a,
          co_window_corner_a, co_window_corner_a, co_window_broadway_c,
          co_window_of_opportunity_b, co_window_unsneaky_path_e,
          co_window_paths_d, co_window_4corner_a, glass_columns_a,
          glass_columns_a, glass_columns_c, glass_columns_a, glass_columns_c,
          uniq_duvessa, uniq_blork_the_orc
D:7:      gammafunk_steamed_eel, layout_loops_ring, serial_shops,
          nicolae_shop_rolling_square, enter_bailey_2, uniq_prince_ribbit1
Bailey:   bailey_axe_bossmonster_kennysheep, bailey

Skill      XL: |  1  2  3  4  5  6  7  8  9 |
---------------+----------------------------+-----
Hexes          | 3 4 |  4.3
Dodging        | 2 3 4 |  4.7
Stealth        | 3 4 |  4.8
Fighting       | 1 2 3 |  3.7
Ice Magic      | 1 2 |  2.7
Maces & Flails | 1 2 3 4 |  4.8
Throwing       | 1 2 |  2.8
Evocations     | 1 2 3 |  3.1
Short Blades   | 2 3 |  3.5
Spellcasting   | 3 |  3.8
Air Magic      | 1 2 |  2.6
Conjurations   | 1 2 |  2.6
Poison Magic   | 1 2 3 |  3.0
Fire Magic     | 2 |  2.7
Invocations    | 1 2 |  2.8

Action                     |  1- 3 |  4- 6 |  7- 9 || total
---------------------------+-------+-------+-------++-------
  Melee: Dagger            |    60 |     1 |       ||    61
         Tailslap          |     7 |     6 |    37 ||    50
         Club              |    27 |   111 |   221 ||   359
         Punch             |       |     1 |     6 ||     7
         Headbutt          |       |       |    31 ||    31
  Throw: Dart              |       |     1 |    14 ||    15
   Cast: Ensorcelled Hiber |     5 |     1 |     1 ||     7
         Tukima's Dance    |       |     2 |       ||     2
         Inner Flame       |       |       |     3 ||     3
         Mephitic Cloud    |       |       |     6 ||     6
         Frozen Ramparts   |       |       |     2 ||     2
 Invoke: Heroism           |       |       |     1 ||     1
Ability: Breathe Fire      |       |       |    52 ||    52
  Evoke: Wand              |       |     1 |     3 ||     4
    Use: Potion            |     1 |     4 |     8 ||    13
         Scroll            |     5 |     5 |    13 ||    23
   Stab: Sleeping          |     1 |     4 |       ||     5
         Invisible         |     1 |     1 |       ||     2
         Distracted        |       |     1 |     1 ||     2
         Confused          |       |       |     4 ||     4
 Armour: Skin              |    36 |    66 |    65 ||   167
  Dodge: Dodged            |    70 |    83 |   203 ||   356
